 Dungeon Crawl Stone Soup version 0.20-a0-823-gdec668e (webtiles) character file.

60 pisechka the Firebug (level 3, -1/19 HPs)
             Began as a Deep Elf Fire Elementalist on Mar 5, 2017.
             Slain by a hobgoblin
             ... wielding a +0 club
              (4 damage)
             ... on level 2 of the Dungeon.
             The game lasted 00:09:40 (1802 turns).

pisechka the Firebug (Deep Elf Fire Elementalist)   Turns: 1802, Time: 00:09:41

Health: -1/19      AC:  2    Str:  5    XL:     3   Next: 80%
Magic:  2/10       EV: 13    Int: 20    God:
Gold:   53         SH:  0    Dex: 15    Spells: 5/9 levels left

rFire    . . .     SeeInvis +   (no weapon)
rCold    . . .     Gourm    .   a - +0 robe
rNeg     . . .     Faith    .   (no shield)
rPois    .         Spirit   .   (no helmet)
rElec    .         Reflect  .   (no cloak)
rCorr    .         Harm     .   (no gloves)
MR       .....                  (no boots)
Stlth    ++........             (no amulet)
Regen    0.1/turn               i - ring of flight
MPRegen  0.2/turn               d - ring of see invisible

@: no status effects
A: no striking features
a: Evoke Flight


You were on level 2 of the Dungeon.
You were not hungry.

You visited 1 branch of the dungeon, and saw 2 of its levels.

You collected 53 gold pieces.

Inventory:

Armour
 a - a +0 robe (worn)
Jewellery
 d - a ring of see invisible (left hand)
 i - a ring of flight (right hand)
Scrolls
 e - a scroll of fog {unknown}
Potions
 f - a potion of lignification {unknown}
 g - 2 potions of curing {unknown}
 h - a potion of agility {unknown}
Books
 b - a book of Flames

   Spells                             Type                      Level
   a - Flame Tongue                   Conjuration/Fire             1
   b - Throw Flame                    Conjuration/Fire             2
   c - Conjure Flame                  Conjuration/Fire             3
   d - Inner Flame                    Hexes/Fire                   3
   e - Sticky Flame                   Conjuration/Fire             4
   f - Fireball                       Conjuration/Fire             5
Comestibles
 c - 2 bread rations
 j - 3 chunks of flesh
 k - a royal jelly


   Skills:
 - Level 2.5 Dodging
 - Level 2.4 Stealth
 + Level 3.8 Spellcasting
 + Level 2.1 Conjurations
 + Level 4.3 Fire Magic


You had 5 spell levels left.
You knew the following spells:

 Your Spells              Type           Power        Failure   Level  Hunger
a - Flame Tongue          Conj/Fire      ###..        3%          1    None
b - Conjure Flame         Conj/Fire      ###.....     12%         3    ###....


Dungeon Overview and Level Annotations

Branches:
Dungeon (2/15)

Altars:
Kikubaaqudgha


Message History

Confirm with . or Enter, or press ? or * to list all spells.
Aiming: Flame Tongue
Press: ? - help, Shift-Dir - straight line, f - kobold
Aim: a kobold, wearing a robe The flame tongue hits the kobold.
The kobold appears unharmed.
The kobold misses you.
Casting: Flame Tongue
Confirm with . or Enter, or press ? or * to list all spells.
You don't have enough magic to cast that spell.
Unknown command.
The kobold hits you. The goblin barely misses you.
The goblin closely misses you. The hobgoblin hits you with a club.
The worm bites you. The goblin hits you. The hobgoblin completely misses you.
The hobgoblin closely misses you. The worm bites you.
* * * LOW HITPOINT WARNING * * *
The goblin barely misses you. The hobgoblin closely misses you.
The hobgoblin hits you with a club.
You die...

#.#####.###
#............. #.$
#..###
#............. ..
##...# #>...........
.# ###.###
##....h...... .#
#..># ##......#...
.# #####.###### .#
#.....w....# .#
#......gg..# ##
#......K@..#
#..........# ##
#..........#
.###################
......<.......
##############


You could see a worm, a hobgoblin, a goblin and a kobold.

Vanquished Creatures
  2 adders (D:2)
  An ooze (D:1)
  2 worms (D:2)
  A dart slug (D:2)
  A ball python (D:2)
  2 bats (D:2)
  2 giant cockroaches (D:1)
  A goblin (D:1)
  4 hobgoblins
  5 jackals
  A frilled lizard (D:1)
  4 kobolds (D:2)
  3 rats
29 creatures vanquished.

Notes
Turn   | Place    | Note
-------+----------+-------------------------------------------
     0 | D:1      | pisechka the Deep Elf Fire Elementalist began the quest for the Orb.
     0 | D:1      | Reached XP level 1. HP: 10/10 MP: 6/6
   359 | D:1      | Reached XP level 2. HP: 15/15 MP: 5/8
  1168 | D:2      | Found an ancient bone altar of Kikubaaqudgha.
  1173 | D:2      | Reached skill level 4 in Fire Magic
  1180 | D:2      | Reached XP level 3. HP: 13/19 MP: 3/10
  1735 | D:2      | Learned a level 3 spell: Conjure Flame
  1802 | D:2      | Slain by a hobgoblin

Vault maps used:
D:1:      mushboom_english_gardens, chequers_big_river
D:2:      kiku_gazebo_garden_becter, kennysheep_generic_room_9

Skill      XL: |  1  2  3 |
---------------+----------+-----
Fire Magic     | 4 |  4.3
Conjurations   | 2 |  2.1
Dodging        | |  2.5
Stealth        | |  2.4
Spellcasting   | |  3.8

Action                   || total
-------------------------++-------
Melee: Unarmed           ||     1
 Cast: Flame Tongue      ||    56
       Conjure Flame     ||     1
 Abil: Evoke Flight      ||     2
  Eat: Bread ration      ||     1
Armor: Robe              ||    15
Dodge: Dodged            ||    36
